 Dungeon Crawl Stone Soup version 0.29.0-4-gdea44cf6ec (webtiles) character file.

Game seed: 16089784428426668055

5 qw the Sneak (level 1, -2/10 HPs)
             Began as a Felid Delver on Aug 27, 2022.
             Succumbed to their own poison gas
             ... on level 2 of the Dungeon.
             The game lasted 00:00:01 (480 turns).

qw the Sneak (Felid Delver)                          Turns: 480, Time: 00:00:02

Health: -2/10      AC:  1    Str:  8    XL:     1   Next: 66%
Magic:  2/2        EV: 17    Int: 11    God:
Gold:   30         SH:  0    Dex: 17    Spells: 0/0 levels left
                                        Lives:  0   Deaths: 0

rFire   . . .      SeeInvis +     - Unarmed
rCold   . . .      Faith    .   (shield unavailable)
rNeg    . . .      Spirit   .   (body armour unavailable)
rPois   .          Reflect  .   (helmet unavailable)
rElec   .          Harm     .   (cloak unavailable)
rCorr   .          Rampage  .   (gloves unavailable)
Will    .....                   (boots unavailable)
Stlth   +++.......              (no amulet)
HPRegen 0.03/turn               (no ring)
MPRegen 0.08/turn               (no ring)

@: lethally poisoned (-2 -> -17), quick
A: very small, claws 1, fangs 3, see invisible, speed 1, shaggy fur 1, stealthy
paws, no weapons or thrown items, no armour, multi-lived
a: no special abilities


You were on level 2 of the Dungeon.
You visited 1 branch of the dungeon, and saw 4 of its levels.

You collected 30 gold pieces.


Innate Abilities, Weirdness & Mutations

You have sharp claws.
You have razor-sharp teeth.
You have supernaturally acute eyesight. (SInv)
You cover ground quickly. (Speed+)
You are covered in fur. (AC +1)
Your paws help you pounce on unaware monsters.
You are incapable of wielding weapons or throwing items.
You cannot wear armour.
You gain extra lives every three experience levels.


   Skills:
 - Level 3.0 Fighting
 - Level 2.6 Dodging
 - Level 6.6 Stealth
 + Level 2.5 Unarmed Combat


You couldn't memorise any spells.
You didn't know any spells.
Your spell library was empty.

Inventory:

Wands
 e - a wand of digging (3)
Scrolls
 a - a scroll of identify
Potions
 d - a potion of haste
 g - a potion of lignification {unknown}

Dungeon Overview and Level Annotations

Branches:
Dungeon (5/15)
 Temple: D:4-7

Altars:


Message History

Assign waypoint to what number? (0-9, D - delete waypoint) Waypoint 1 re-assigned from D:4 to D:2.
Enter note:
b - a scroll labelled XIOREA PUZE A rat comes into view.
You closely miss the rat. Your bite misses the rat. The rat closely misses you.
You scratch the rat.
You kill the rat!
You now have 10 gold pieces.
A hobgoblin comes into view.
Enter note: The hobgoblin shouts!
You barely miss the hobgoblin. The hobgoblin closely misses you.
You scratch the hobgoblin.
The hobgoblin is almost dead.
The hobgoblin misses you.
You scratch the hobgoblin.
You kill the hobgoblin!
You now have 21 gold pieces (gained 11).
You now have 30 gold pieces (gained 9).
Found a stone staircase leading up.
Enter note:
478 ||| READING scroll labelled XIOREA PUZE.
The air fills with toxic fumes!
As you read the scroll labelled XIOREA PUZE, it crumbles to dust.
It was a scroll of poison.
(D) Dungeon
Where to? (* - list waypoints, Enter - D:2, ? - help)
What level of the Dungeon? (default 1, ? - help) Sorry, I don't know how to get there.
Partly explored, can't reach some items and places.
479 ||| Stepping randomly (stuck).
Really walk into that cloud of poison gas?
You are engulfed in poison gas.
You are lethally poisoned!
Ouch! That really hurt!
You feel very sick.
480 ||| Stepping ~*~*~tactically~*~*~ (cloud).
You die...

..####..#...###
........###...#########
(..###.....##..#¤¤¤¤¤¤#
....####.#.###.#¤¤¤¤¤¤#
>...# #...# #.#¤¤¤¤¤¤#
...........# #.¤¤¤¤¤¤¤#
...####....# ###¤¤¤¤¤¤#
....# ##...# #¤¤¤¤¤¤#
.....# #..## #@¤¤¤¤¤#
....... #¤¤¤¤¤¤#
####.#.. #¤¤¤¤¤¤¤# .##.
#¤####### .¤¤ .¤¤.
...¤¤. ..¤¤.. ....


There were no monsters in sight!

Vanquished Creatures
  An orc (D:3)
  2 hobgoblins
  A rat (D:2)
4 creatures vanquished.

Notes
Turn   | Place    | Note
-------+----------+-------------------------------------------
     0 | D:5      | qw the Felid Delver began the quest for the Orb.
     0 | D:5      | Reached XP level 1. HP: 10/10 MP: 2/2
     0 | D:5      | 0 ||| qw: Version: 0.1-a-89-g26bdef1
     0 | D:5      | 0 ||| qw: Game counter: 124
     0 | D:5      | 0 ||| qw: Always use a shield: true
     0 | D:5      | 0 ||| qw: God list: Okawaru, Trog
     0 | D:5      | 0 ||| qw: Allow faded altars: false
     0 | D:5      | 0 ||| qw: Do Orc after D:15 true
     0 | D:5      | 0 ||| qw: Do second Lair branch before Depths: true
     0 | D:5      | 0 ||| qw: Lair rune preference: random
     0 | D:5      | 0 ||| qw: Plans: Normal
     0 | D:5      | 0 ||| PLANNING D:1-11
    30 | D:5      | 30 ||| READING scroll labelled UXKO DEMMIPHI.
    31 | D:5      | 31 ||| DROPPING scroll of fog.
    32 | D:5      | 32 ||| DROPPING scroll of magic mapping.
    33 | D:5      | 33 ||| DROPPING scroll of fear.
   478 | D:2      | 478 ||| READING scroll labelled XIOREA PUZE.
   479 | D:2      | 479 ||| Stepping randomly (stuck).
   479 | D:2      | HP: 1/10 [poisoned by you (poison gas)]
   480 | D:2      | 480 ||| Stepping ~*~*~tactically~*~*~ (cloud).
   480 | D:2      | Succumbed to their own poison gas

Levels and vault maps discovered:
D:2:      layout_rooms, minmay_box_of_dots
D:3:      layout_basic
D:4:      layout_loops_corners, nicolae_overflow_crystal_walls, uniq_menkaure
D:5:      layout_basic, minmay_temple_entry_proselytizer,
          eino_small_chamber_without_monster, minmay_misc_feat_columns,
          minmay_chambers_of_fives, uniq_duvessa, uniq_sigmund, uniq_edmund

Action                   || total
-------------------------++-------
Melee: Unarmed           ||    11
       Bite              ||     2
  Use: Scroll            ||     2
Dodge: Dodged            ||     4

Table legend:
 A = Non-vault XP
 B = Vault XP
 C = Vault XP percentage of total XP
 D = Non-vault monster count
 E = Vault monster count
 F = Vault count percentage of total count
                 A         B        C        D         E       F
            +---------+---------+-------+---------+---------+-------
      Total |       8 |       0 |   0.0 |       4 |       0 |   0.0
            +---------+---------+-------+---------+---------+-------
        D:2 |       3 |       0 |   0.0 |       2 |       0 |   0.0
        D:3 |       5 |       0 |   0.0 |       2 |       0 |   0.0
            +---------+---------+-------+---------+---------+-------
